AoeStats
← Muertofu

Arabia

507089769Analyzed
3v3 RM · 16d ago on Sep 16, 2026· 27m 14s· 6 players
Game mode
Random Map
Map size
Normal (6 player)
Population
200
Speed
Normal
Resources
Standard
Victory
Conquest
Starting age
Dark Age
Ending age
Imperial Age
RankedLock teamsTeams togetherTeam positionsShared explorationLock speedFull tech treeHidden civsTurbo modeCheats
Victory
Defeat
🇨🇱 Franks · Chile
1067
+12
🇨🇱 Celts · Chile
1005
+15
🇨🇱 Ethiopians · Chile
996
+15
🇵🇪 Huns · Peru
1004
-15
🇪🇸 Khmer · Spain
969
-14
🇪🇸 Poles · Spain
953
-13
jj.moreno.minas
5:11 Loom
13:35 Feudal Age
19:55 Fletching
20:08 Padded Archer Armor
23:39 Castle Age
23:43 Horse Collar
24:15 Double-Bit Axe
26:02 Forging
25:59 Scale Barding Armor
turok
3:38 Loom
10:07 Feudal Age
18:05 Bloodlines
25:32 Castle Age
24:00 Gold Mining
23:58 Double-Bit Axe
24:53 Horse Collar
25:53 Scale Barding Armor
edu_16av
1:32 Loom
8:55 Feudal Age
9:33 Double-Bit Axe
10:43 Town Watch
11:52 Horse Collar
17:21 Padded Archer Armor
18:05 Fletching
20:39 Bloodlines
24:39 Castle Age
25:18 Pikeman
25:59 Squires
26:39 Bow Saw
26:34 Heavy Plow
misig
11:59 Feudal Age
12:02 Feudal Age
16:06 Castle Age
15:28 Double-Bit Axe
17:05 Loom
18:20 Scale Barding Armor
21:06 Chain Barding Armor
22:37 Husbandry
24:30 Forging
Muertofu
6:34 Loom
9:52 Feudal Age
10:11 Man-at-Arms
14:38 Arson
22:49 Castle Age
22:12 Horse Collar
22:18 Double-Bit Axe
22:30 Stone Mining
23:11 Long Swordsman
25:52 Gambesons
Bastapiaux
9:42 Loom
11:44 Feudal Age
12:28 Double-Bit Axe
12:35 Gold Mining
14:05 Fletching
14:56 Padded Archer Armor
20:14 Wheelbarrow
25:34 Castle Age
23:52 Stone Mining
23:50 Horse Collar
26:19 Forging
25:46 Crossbowman
26:23 Bodkin Arrow
26:56 Bow Saw
Connection lost

Rejoining the realm…

Still unreachable

The connection could not be restored.

Session expired

The server has moved on; the page needs a fresh start.